 Dungeon Crawl Stone Soup version 0.29.1-1-gd02db69 (webtiles) character file.

Game seed: 16350993647511684704

4 oddity the Magician (level 1, -1/15 HPs)
             Began as a Djinni Fire Elementalist on Jan 10, 2023.
             Slain by a jackal (3 damage)
             ... on level 1 of the Dungeon.
             The game lasted 00:05:20 (133 turns).

oddity the Magician (Djinni Fire Elementalist)       Turns: 133, Time: 00:05:21

Health: -1/15      AC:  2    Str:  7    XL:     1   Next: 66%
Gold:   0          EV: 12    Int: 16    God:
                   SH:  0    Dex: 13

rFire   + + .      SeeInvis .   (no weapon)
rCold   x . .      Faith    .   (no shield)
rNeg    . . .      Spirit   .   a - +0 robe
rPois   ∞          Reflect  .   (no helmet)
rElec   .          Harm     .   (no cloak)
rCorr   .          Rampage  .   (no gloves)
Will    .....                   (boots unavailable)
Stlth   ++........              (no amulet)
HPRegen 0.05/turn               (no ring)
MPRegen 0.00/turn               (no ring)

@: flying
A: sickness immunity, fire resistance 2, cold vulnerability 1, float, innate
caster, HP casting, extra vitality 1
a: no special abilities


You were on level 1 of the Dungeon.
You visited 1 branch of the dungeon, and saw 1 of its levels.

Inventory:

Armour
 a - a +0 robe (worn)
Scrolls
 c - 4 scrolls of teleportation


   Skills:
 + Level 2.2 Dodging
 + Level 1.6 Stealth
 + Level 2.6 Spellcasting


You couldn't memorise any spells.
You knew the following spells:

 Your Spells              Type           Power      Damage    Failure   Level
a - Foxfire               Conj/Fire      40%        2x1d6     7%          1
b - Scorch                Fire           20%        2d6       10%         2
c - Conjure Flame         Conj/Fire      10%        6-21      21%         3
d - Inner Flame           Hex/Fire       10%        N/A       21%         3
e - Flame Wave            Conj/Fire      10%        2d6       54%         4
Your spell library was empty.

Dungeon Overview and Level Annotations

Branches:
Dungeon (1/15)

Altars:


Innate Abilities, Weirdness & Mutations

You are immune to sickness and miasma.
You are immune to poison.
Your flesh is very heat resistant. (rF++)
You are vulnerable to cold. (rC-)
You float through the air rather than walking.
You learn spells naturally, not from books.
Your magical power is your life essence.
You have superior vitality. (+4 MHP)


Message History

The foxfire hits the jackal.
You kill the jackal!
A jackal comes into view.
The jackal barely misses you. The jackal bites you.
The jackal barely misses you. The jackal attacks as you move away!
The jackal barely misses you. The jackal attacks as you move away!
The jackal barely misses you.
Found a stone staircase leading down.
The jackal misses you.
A goblin comes into view. It is wielding a +0 club.
Found 10 gold pieces.
The jackal bites you but does no damage.
A rat comes into view.
The goblin shouts!
A bat comes into view.
The jackal closely misses you. x2; The goblin hits you with a +0 club.
The jackal attacks as you move away! The jackal misses you.
Found a tourmaline ring.
The bat hits you but does no damage. The goblin hits you with a +0 club.
* * * LOW HITPOINT WARNING * * *
The jackal attacks as you move away! The jackal misses you.
The bat barely misses you. The goblin closely misses you.
The bat closely misses you. The bat hits you but does no damage.
The rat bites you.
* * * LOW HITPOINT WARNING * * *
Casting: Foxfire (safe; 7% risk of failure)
Confirm with . or Enter, or press ? or * to list all spells.
You conjure some foxfire!
* * * LOW HITPOINT WARNING * * *
The bat barely misses you.
The jackal bites you but does no damage.
The foxfire hits the bat.
You kill the bat!
The rat closely misses you. The jackal attacks as you move away!
The jackal misses you.
The foxfire hits the goblin.
The goblin is severely wounded.
The jackal bites you.
You die...

## >## ##>
..#####################
##......................
......>............###.#
.........#######.#.# #.#
.........# #.#.# ..#
.......g.# #.#.#.###
.......rh### #.#.#.
.......@.§.# #.#.#
......$....# #...#
##.............
#.............
#=.............
#..............
#..............
#.........##..


You could see a jackal, a goblin and a rat.

Vanquished Creatures
  An endoplasm (D:1)
  A jackal (D:1)
  A bat (D:1)
  A kobold (D:1)
4 creatures vanquished.

Vanquished Creatures (others)
  10 foxfires (D:1)
10 creatures vanquished.

Grand Total: 14 creatures vanquished

Notes
Turn   | Place    | Note
-------+----------+-------------------------------------------
     0 | D:1      | oddity the Djinni Fire Elementalist began the quest for the
                  | Orb.
     0 | D:1      | oddity set off with the following spells memorised:
                  | Foxfire, Scorch, Conjure Flame, Inner Flame, Flame Wave.
     0 | D:1      | Reached XP level 1. HP: 15/15 MP: 0/0
   133 | D:1      | Slain by a jackal

Illustrated notes

Levels and vault maps discovered:
D:1:      dpeg_arrival_leaves_temple_mockup, layout_basic,
          minmay_close_crescents

Action                   || total
-------------------------++-------
Melee: Unarmed           ||     6
 Cast: Foxfire           ||     7
  Use: Scroll            ||     1
Armor: Robe              ||     6
Dodge: Dodged            ||    20
